 Dungeon Crawl Stone Soup version 0.29.1-1-gd02db6906a (webtiles) character file.

Game seed: 5245368356920300726

139 Earthwalker the Covered (level 5, -1/46 HPs)
             Began as a Minotaur Fighter on Oct 13, 2022.
             Succumbed to Sigmund's poison
             ... on level 3 of the Dungeon.
             The game lasted 00:03:54 (1967 turns).

Earthwalker the Covered (Minotaur Fighter)          Turns: 1967, Time: 00:03:54

Health: -1/46      AC:  7    Str: 22    XL:     5   Next: 1%
Magic:  4/4        EV: 10    Int:  5    God:
Gold:   121        SH:  4    Dex: 10    Spells: 4/4 levels left

rFire   . . .      SeeInvis .   a - +0 war axe
rCold   . . .      Faith    .   c - +0 buckler
rNeg    . . .      Spirit   .   b - +0 scale mail
rPois   .          Reflect  .   (helmet restricted)
rElec   .          Harm     .   (no cloak)
rCorr   +          Rampage  .   (no gloves)
Will    .....                   (no boots)
Stlth   ..........              (no amulet)
HPRegen 0.15/turn               o - ring of resist corrosion
MPRegen 0.09/turn               (no ring)

@: lethally poisoned (-1 -> -19)
A: horns 2, retaliatory headbutt
a: no special abilities


You were on level 3 of the Dungeon.
You visited 1 branch of the dungeon, and saw 3 of its levels.

You collected 121 gold pieces.

Inventory:

Hand Weapons
 a - a +0 war axe (weapon)
Missiles
 f - 32 stones (quivered)
Armour
 b - a +0 scale mail (worn)
 c - a +0 buckler (worn)
Jewellery
 o - a ring of resist corrosion (left hand)
Scrolls
 e - 2 scrolls of noise {unknown}
 g - 2 scrolls of teleportation {unknown}
 h - a scroll of vulnerability {unknown}
 i - a scroll of fear {unknown}
 j - 2 scrolls of fog {unknown}
 l - 2 scrolls of poison {unknown}
 m - 2 scrolls of immolation {unknown}
 n - a scroll of identify {unknown}
 p - a scroll of enchant weapon {unknown}
 q - a scroll of blinking {unknown}
Potions
 d - a potion of might
 k - a potion of heal wounds {unknown}


   Skills:
 * Level 4.2 Fighting
 * Level 3.2 Axes
 + Level 1.0 Throwing
 * Level 4.4 Armour
 * Level 2.0 Dodging
 + Level 0.9 Stealth
 * Level 4.3 Shields


You had 4 spell levels left.
You didn't know any spells.
Your spell library contained the following spells:

 Spells                   Type           Power      Damage    Failure   Level
 Fireball                 Conj/Fire      0%         3d3       100%        5
 Iskenderun's Battlesphe  Conj           0%         2d6       100%        5
 Conjure Ball Lightning   Conj/Air       0%         3x3d6     100%        6
 Orb of Destruction       Conj           0%         9d5       100%        7


Dungeon Overview and Level Annotations

Branches:
Dungeon (3/15)

Altars:

Annotations:
D:3 Sigmund


Innate Abilities, Weirdness & Mutations

You have a pair of horns on your head.
You reflexively headbutt those who attack you in melee.


Message History

Sigmund is lightly wounded.
Sigmund hits you with a +5 scythe of venom.
You are poisoned.
You barely miss Sigmund. You headbutt Sigmund.
Sigmund is lightly wounded.
You feel very sick.
You slash Sigmund! You headbutt Sigmund, but do no damage.
Sigmund is moderately wounded.
You feel sick.
Sigmund's eyes start glowing with a red light.
Sigmund barely misses you.
You closely miss Sigmund.
Sigmund is moderately wounded.
You feel sick.
Sigmund points at you and mumbles some strange words.
You resist with some effort. Sigmund gestures at you while chanting.
The puff of flame hits you.
You closely miss Sigmund.
Sigmund is moderately wounded.
You feel sick.
Sigmund hits you with a +5 scythe of venom!
You barely miss Sigmund.
Sigmund is moderately wounded.
You feel sick.
Sigmund says, "Look into my eyes."
Sigmund gestures at you while chanting. The puff of flame misses you.
You closely miss Sigmund.
Sigmund is moderately wounded.
You feel sick.
You are no longer poisoned.
Sigmund mumbles some strange words.
Sigmund flickers and vanishes!
Deactivating autopickup; reactivate with Ctrl-A.
You closely miss something. Your headbutt misses something. Something hits you!
* * * LOW HITPOINT WARNING * * *
You are lethally poisoned!
You closely miss something.
You die...

# ##. ....... .)
..# #.. .......
####.# ....#..
.......##!...### .
#.... .......
.......#.. #####.
.......##.........
#.....
............!./...
......[
..................
.###...
.......<รท.@{......
#...
.......)..........
....g
......<##...?.....
...... .......
##........ ##....
....... .........
#.... #####.#
......... ..
......... ...
#.........


There were no monsters in sight!

Vanquished Creatures
  Jessica (D:2)
  Robin (D:2)
  2 adders (D:2)
  A dart slug (D:1)
  A worm (D:2)
  6 ball pythons
  9 endoplasms
  4 giant cockroaches
  16 goblins
  9 hobgoblins
  4 kobolds
  A quokka (D:1)
  6 bats
  4 frilled lizards
  5 rats
70 creatures vanquished.

Vanquished Creatures (others)
  A plant (D:3)
1 creature vanquished.

Grand Total: 71 creatures vanquished

Notes
Turn   | Place    | Note
-------+----------+-------------------------------------------
     0 | D:1      | Earthwalker the Minotaur Fighter began the quest for the
                  | Orb.
     0 | D:1      | Reached XP level 1. HP: 19/19 MP: 0/0
   263 | D:1      | Reached XP level 2. HP: 22/27 MP: 1/1
   547 | D:1      | Reached skill level 1 in Dodging
   634 | D:1      | Reached XP level 3. HP: 33/33 MP: 2/2
   680 | D:1      | Found a faded altar of an unknown god.
  1131 | D:2      | You fall into a shaft and drop 1 floor!
  1154 | D:2      | Noticed Jessica
  1165 | D:2      | Killed Jessica
  1166 | D:2      | Reached XP level 4. HP: 39/40 MP: 3/3
  1255 | D:2      | Noticed Robin
  1264 | D:2      | Reached skill level 1 in Throwing
  1269 | D:2      | Killed Robin
  1634 | D:3      | Noticed Sigmund
  1640 | D:3      | Reached XP level 5. HP: 31/46 MP: 4/4
  1651 | D:2      | HP: 2/46 [poisoned by Sigmund]
  1967 | D:3      | Succumbed to Sigmund's poison

Illustrated notes

Levels and vault maps discovered:
D:1:      matt_arrival_grand_opening, layout_basic,
          hellmonk_ecumenical_altar_defaced_shrine, minmay_tetromino_t4
D:2:      layout_rooms, minmay_fractal_squares_5, uniq_jessica, uniq_robin
D:3:      layout_rooms, serial_bayou_lake_a, uniq_sigmund

Skill      XL: |  1  2  3  4 |
---------------+-------------+-----
Dodging        | 1 2 |  2.0
Shields        | 4 |  4.3
Armour         | 4 |  4.4
Axes           | 3 |  3.2
Fighting       | 4 |  4.2
Throwing       | 1 |  1.0
Stealth        | |  0.9

Action                   |  1- 3 |  4- 6 || total
-------------------------+-------+-------++-------
Melee: War axe           |    63 |    58 ||   121
       Headbutt          |     9 |     9 ||    18
Throw: Stone             |       |     5 ||     5
Armor: Scale mail        |    35 |    28 ||    63
Dodge: Dodged            |    46 |    21 ||    67
Block: Buckler           |    11 |    14 ||    25
